 Dungeon Crawl Stone Soup version 0.27.0-1-g7a089689b8 (webtiles) character file.

Game seed: 4839554305244401369

5147 SnakkuSnakku7 the Cleaver (level 10, -5/64 HPs)
             Began as a Gargoyle Berserker on Aug 11, 2021.
             Was a High Priest of Trog.
             Slain by a killer bee (7 damage)
             ... on level 9 of the Dungeon.
             The game lasted 00:08:25 (4961 turns).

SnakkuSnakku7 the Cleaver (Gargoyle Berserker)      Turns: 4961, Time: 00:08:26

Health: -5/64      AC: 22    Str: 27    XL:     10   Next: 59%
Magic:  10/10      EV:  7    Int:  8    God:    Trog [*****.]
Gold:   494        SH: 10    Dex: 12    Spells: 9/9 levels left

rFire    + + .     SeeInvis .   a - +4 broad axe (elec)
rCold    . . .     Faith    .   w - +0 buckler
rNeg     + . .     Spirit   .   k - +1 plate armour
rPois    ∞         Reflect  +   (no helmet)
rElec    +         Harm     .   q - +2 cloak
rCorr    .         Rampage  .   (no gloves)
Will     +++..                  (no boots)
Stlth    ..........             u - amulet of reflection
HPRegen  0.20/turn              c - ring of Happiness {rPois rF+ Will+ Str+6}
MPRegen  0.12/turn              b - ring "Ichaech" {*Slow rF+ Will++}

@: about to teleport, on berserk cooldown, slowed, very slow
A: sickness immunity, AC +7, negative energy resistance 1, electricity
resistance, torment resistance 1, petrification resistance
a: Renounce Religion, Berserk, Trog's Hand, Brothers in Arms


You were on level 9 of the Dungeon.
You worshipped Trog.
Trog was extremely pleased with you.
You visited 1 branch of the dungeon, and saw 9 of its levels.

You collected 494 gold pieces.

Inventory:

Hand Weapons
 a - a +4 broad axe of electrocution (weapon)
Armour
 h - a +0 animal skin
 k - a +1 plate armour (worn)
 q - a +2 cloak (worn)
 w - a +0 buckler (worn)
Jewellery
 b - the ring "Ichaech" (right hand) {*Slow rF+ Will++}
   (You acquired it on level 7 of the Dungeon)

   [ring of protection from fire]

   rF:        It protects you from fire.
   *Slow:     It may slow you when you take damage.
   Will:      It greatly increases your willpower.
 c - the ring of Happiness (left hand) {rPois rF+ Will+ Str+6}
   (You acquired it on level 7 of the Dungeon)

   [ring of protection from fire]

   Str:       It affects your strength (+6).
   rF:        It protects you from fire.
   rPois:     It protects you from poison.
   Will:      It increases your willpower.
 j - a +6 ring of strength
 u - an amulet of reflection (around neck)
Wands
 y - a wand of polymorph (4)
 C - a wand of flame (13)
Scrolls
 e - a scroll of silence {unknown}
 f - 2 scrolls of vulnerability
 g - a scroll of fog {unknown}
 i - 2 scrolls of enchant armour
 l - a scroll of immolation {unknown}
 m - 5 scrolls of amnesia {unknown}
 t - 4 scrolls of teleportation
 x - a scroll of torment {unknown}
 B - a scroll of noise {unknown}
Potions
 d - a potion of resistance
 n - 3 potions of haste
 o - 2 potions of mutation
 p - 2 potions of attraction
 r - 4 potions of lignification
 v - a potion of magic
 z - a potion of curing


   Skills:
 - Level 8.0 Fighting
 + Level 12.2 Axes
 - Level 2.1 Armour
 - Level 1.5 Dodging
 - Level 4.0 Shields


You had 9 spell levels left.
You didn't know any spells.
Your spell library was empty.

Dungeon Overview and Level Annotations

Branches:
Dungeon (9/15)             Temple (0/1) D:5
   Lair: D:8-11         Orc: D:9-12

Altars:
Ashenzari
Cheibriados
Hepliaklqana
Nemelex Xobeh

Shops:
D:4 *

Annotations:
D:8 fly stuff


Innate Abilities, Weirdness & Mutations

You are immune to sickness and miasma.
Your stone body is resilient. (AC +7)
You are immune to poison.
You resist negative energy. (rN+)
You are resistant to electric shocks. (rElec)
You are resistant to unholy torment.
You are immune to petrification.


Message History

The killer bee buzzes angrily.
A killer bee comes into view.
The killer bee buzzes angrily.
A killer bee comes into view.
The killer bee buzzes angrily.
You hear an angry buzzing noise. x2
A killer bee comes into view.
You hear an angry buzzing noise. x2
A scorpion comes into view.
The killer bee closely misses you.
Found a scroll of acquirement and a glowing scarf.
Unknown command.
Unknown command.
As you read the scroll of teleportation, it crumbles to dust.
You feel strangely unstable.
The killer bee stings you but does no damage.
The wyvern bites you.
* * * LOW HITPOINT WARNING * * *
The bullfrog hits you but does no damage.
The killer bee barely misses you.
The killer bee stings you but does no damage.
The wyvern barely misses you. You block the bullfrog's attack.
The killer bee stings you but does no damage.
Unknown command.
You barely miss the wyvern. You slash the killer bee!
Lightning courses through the killer bee!
You miss the killer bee. x2
Your plate armour prevents you from hitting the bullfrog.
The killer bee stings you but does no damage.
The killer bee stings you.
* * * LOW HITPOINT WARNING * * *
You block the killer bee's attack. The wyvern bites you!
* * * LOW HITPOINT WARNING * * *
You block the bullfrog's attack.
You hear an angry buzzing noise.
The killer bee stings you but does no damage. x3
The wyvern bites you but does no damage.
You block the bullfrog's attack.
The killer bee stings you but does no damage.
The killer bee stings you!
You die...

####.######
..........#
..........## .
........... ..
..........##...
.......y.......
......yyy...P.P
#@s..P...
#Fl.P...P
...?P..P.
#.....####
#[PP..# ...P.P#
..P.PP#
#......P


You could see a wyvern, a bullfrog, a scorpion and 4 killer bees.

Vanquished Creatures
  A cyclops (D:7)
  A queen bee (D:9)
  A hornet (D:7)
  4 yaks (D:8)
  4 vampire mosquitoes (D:7)
  2 steam dragons
  A water moccasin (D:7)
  2 ice beasts (D:6)
  An orc warrior (D:7)
  A black bear (D:5)
  A sky beast (D:8)
  A necrophage (D:3)
  A centaur (D:8)
  An ogre (D:5)
  Blork the orc (D:6)
  A kobold brigand (D:6)
  2 bullfrogs (D:7)
  A scorpion (D:5)
  16 killer bees (D:9)
  5 wights (D:8)
  3 jellies
  Crazy Yiuf (D:3)
  3 centaur skeletons
  3 hounds
  2 gnoll shamans
  4 orc priests
  6 orc wizards
  A bullfrog skeleton (D:6)
  Natasha (thrice) (D:3)
  A killer bee zombie (D:8)
  A howler monkey zombie (D:5)
  12 gnolls
  2 adders
  A shadow imp (D:6)
  A white imp (D:4)
  A dart slug (D:4)
  18 orcs
  5 ball pythons
  4 bats
  3 endoplasms (D:1)
  4 giant cockroaches
  6 goblins
  8 hobgoblins
  4 jackals
  3 quokkas
  2 frilled lizards (D:1)
  8 kobolds
  A rat (D:1)
159 creatures vanquished.

Vanquished Creatures (others)
  4 plants (D:3)
4 creatures vanquished.

Grand Total: 163 creatures vanquished

Notes
Turn   | Place    | Note
-------+----------+-------------------------------------------
     0 | D:1      | SnakkuSnakku7 the Gargoyle Berserker began the quest for
                  | the Orb.
     0 | D:1      | Reached XP level 1. HP: 14/14 MP: 1/1
    33 | D:1      | Reached skill level 3 in Axes
    33 | D:1      | Reached XP level 2. HP: 14/20 MP: 2/2
    54 | D:1      | Found a faded altar of an unknown god.
   218 | D:1      | Reached XP level 3. HP: 18/24 MP: 3/3
   630 | D:2      | Reached XP level 4. HP: 3/30 MP: 4/4
   701 | D:2      | Reached ** piety under Trog
  1200 | D:3      | Noticed a necrophage
  1204 | D:3      | Found a hazy altar of Hepliaklqana.
  1216 | D:3      | Killed a necrophage
  1217 | D:3      | Reached skill level 5 in Fighting
  1217 | D:3      | Reached skill level 4 in Axes
  1217 | D:3      | Reached XP level 5. HP: 27/35 MP: 5/5
  1399 | D:3      | Found a runed translucent door.
  1400 | D:3      | Noticed Crazy Yiuf
  1524 | D:3      | Noticed Natasha
  1525 | D:3      | Killed Natasha
  1588 | D:3      | Killed Crazy Yiuf
  1589 | D:3      | Reached XP level 6. HP: 29/41 MP: 1/6
  1715 | D:3      | Noticed Natasha
  1724 | D:3      | Killed Natasha
  1801 | D:3      | Noticed Natasha
  1806 | D:3      | Killed Natasha
  1856 | D:4      | You fall into a shaft and drop 1 floor!
  1856 | D:5      | Entered Level 5 of the Dungeon
  1861 | D:5      | Reached skill level 5 in Axes
  2003 | D:5      | Noticed a black bear
  2011 | D:5      | Killed a black bear
  2012 | D:5      | Reached XP level 7. HP: 42/47 MP: 7/7
  2110 | D:5      | Found a staircase to the Ecumenical Temple.
  2337 | D:4      | Found Rooneos's Elemental Accessories.
  2423 | D:4      | Reached *** piety under Trog
  2557 | D:4      | You fall into a shaft and drop 3 floors!
  2557 | D:7      | Noticed a cyclops
  2568 | D:7      | Reached skill level 6 in Axes
  2574 | D:7      | Killed a cyclops
  2575 | D:7      | Reached XP level 8. HP: 54/54 MP: 8/8
  2704 | D:7      | Found a sparkling altar of Nemelex Xobeh.
  2715 | D:7      | Reached skill level 7 in Axes
  2715 | D:7      | Reached skill level 1 in Shields
  2769 | D:7      | Noticed a hornet
  2775 | D:7      | Killed a hornet
  2796 | D:7      | Found a broken altar of Ashenzari.
  2819 | D:6      | Found a snail-covered altar of Cheibriados.
  2826 | D:6      | Reached XP level 9. HP: 58/59 MP: 9/9
  2839 | D:6      | Reached skill level 8 in Axes
  3475 | D:6      | Noticed Blork the orc
  3484 | D:6      | Killed Blork the orc
  3841 | D:6      | Reached skill level 9 in Axes
  4096 | D:7      | Reached skill level 10 in Axes
  4106 | D:7      | Reached **** piety under Trog
  4269 | D:7      | Identified 3 scrolls of acquirement
  4269 | D:7      | Acquired a +0 broad axe of electrocution
  4278 | D:7      | Acquired the ring "Ichaech" {*Slow rF+ Will++}
  4280 | D:7      | Acquired the ring of Happiness {rPois rF+ Will+ Str+6}
  4595 | D:8      | Reached XP level 10. HP: 60/64 MP: 10/10
  4601 | D:8      | Reached skill level 11 in Axes
  4741 | D:8      | Noticed a lindwurm
  4741 | D:8      | Noticed a lindwurm
  4742 | D:8      | Noticed a lindwurm
  4742 | D:8      | Noticed a lindwurm
  4933 | D:9      | Reached ***** piety under Trog
  4936 | D:9      | Reached skill level 12 in Axes
  4961 | D:9      | HP: 2/64 [wyvern (12)]
  4961 | D:9      | Slain by a killer bee

Illustrated notes

Levels and vault maps discovered:
D:1:      wander_arrival_estate, layout_rooms,
          hellmonk_ecumenical_altar_crossroads, minmay_crystal_room,
          grunt_decor_cap, hex_tiny
D:2:      layout_rooms, minivault_25
D:3:      layout_rooms, nicolae_hepliaklqana_hazy_memory, uniq_natasha,
          uniq_crazy_yiuf_cottage
D:4:      layout_rooms, nicolae_elemental_shop
D:5:      layout_basic, minmay_temple_entry_slanted
D:6:      layout_gridville, cheibriados_altar_1, minmay_puff, uniq_blork_the_orc
D:7:      layout_loops_ring, mainiacjoe_overflow_catch_the_wave
D:8:      layout_cave_pools, minmay_lindwurm_lava
D:9:      layout_roguey [special_room_bee], grunt_lair_entry_orc_guard_hut,
          corexii_leaking_fountain

Skill      XL: |  1  2  3  4  5  6  7  8  9 10 |
---------------+-------------------------------+-----
Axes           | 3 4 5 6 7 10 12 | 12.2
Fighting       | 4 5 6 8 |  8.0
Shields        | 4 |  4.0
Armour         | |  2.1
Dodging        | |  1.5

Action                   |  1- 3 |  4- 6 |  7- 9 | 10-12 || total
-------------------------+-------+-------+-------+-------++-------
Melee: Hand axe          |    79 |     4 |       |       ||    83
       Whip              |       |    82 |   234 |       ||   316
       Broad axe         |       |       |    18 |    59 ||    77
Invok: Berserk           |     2 |     1 |     4 |     2 ||     9
       Trog's Hand       |       |       |     1 |       ||     1
  Use: Scroll            |       |       |    19 |     2 ||    21
       Potion            |       |       |       |     1 ||     1
Armor: Animal skin       |    34 |     1 |       |       ||    35
       Plate armour      |       |    35 |   129 |    35 ||   199
Dodge: Dodged            |    56 |    30 |    59 |    19 ||   164
Block: Other             |       |       |    27 |       ||    27
       Buckler           |       |       |    70 |    35 ||   105
       Reflection        |       |       |     2 |       ||     2
